Map: Золотая стена РВ

Players

immOrTaL - Winner!

  • Race: Zerg Zerg
  • League: Platinum
  • Spawn Location: 5:00

LoliChan

  • Race: Terran Terran
  • League: Platinum
  • Spawn Location: 7:00

VOD

Have the link to the VOD?

Description

Time

  • Played on: March 27, 2020, 1:32 p.m.
  • Length: 4:35
Show
View Real Time Build Order
Export as new Build Order

immOrTaL Zerg - Winner!

Build Orders: Pool Only 

Get SALT Encoding   

  12  0:18  Spawning Pool  
  11  0:25  Drone  
  11  0:26  Drone  
  13  0:30  Drone  
  14  0:35  Extractor  
  14  0:39  Drone  
  14  0:44  Extractor  
  14  0:48  Drone  
  14  1:09  Roach Warren  
  13  1:11  Drone  
  13  1:18  Overlord  
  14  1:49  Roach x3  
  20  2:09  Ravager x2  
  22  2:18  Spore Crawler  
  22  2:19  Ravager  
  22  3:37  Overlord x2  
  22  3:40  Spine Crawler  
  21  4:15  Roach  
  21  4:16  Roach x2  
Show
View Real Time Build Order
Export as new Build Order

LoliChan Terran 

Build Orders:  

Get SALT Encoding   

  12  0:10  SCV  
  13  0:22  SCV  
  13  0:25  Supply Depot  
  14  0:30  Refinery  
  14  0:34  SCV  
  15  0:47  SCV  
  15  0:48  Barracks  
  16  1:01  Barracks  
  16  1:04  SCV  
  17  1:14  Refinery  
  17  1:16  SCV  
  18  1:30  SCV  
  19  1:42  Orbital Command  
  19  1:45  Reaper  
  20  1:48  Marine  
  21  1:58  Barracks  
  21  2:06  Supply Depot  
  21  2:13  Reaper  
  22  2:17  Reaper  
  23  2:28  SCV  
  24  2:37  Factory  
  23  2:45  Reaper  
  23  2:46  Reaper  
  23  2:49  Reaper  
  23  3:18  Reaper  
  20  3:31  Widow Mine  
  21  3:35  Reaper  
  23  3:41  Starport  
  23  3:50  Reaper  
  20  3:57  Hellion  
Tags
 
Add a new tag
Caveats
  • Supply blocks, unpowered buildings, or Contaminate may cause inaccurate times.
  • Supply counts are checked every 10 seconds.